 Dungeon Crawl Stone Soup version 0.21.0-3-g78d12a8 (webtiles) character file.

121544 Sayani the Executioner (level 16, -5/161 HPs)
             Began as a Minotaur Berserker on Jan 11, 2018.
             Was the Champion of Trog.
             Slain by an entropy weaver (7 damage)
             ... on level 2 of the Lair of Beasts.
             The game lasted 01:23:02 (35281 turns).

Sayani the Executioner (Minotaur Berserker)        Turns: 35281, Time: 01:23:03

Health: -5/161     AC: 18    Str: 25 (26) XL:     16   Next: 32%
Magic:  5/5        EV:  7    Int:  4      God:    Trog [******]
Gold:   2216       SH:  0    Dex: 12 (13) Spells: 15/15 levels left

rFire    . . .     SeeInvis .   A - +7 broad axe (antimagic)
rCold    . . .     Gourm    .   (no shield)
rNeg     . . .     Faith    +   o - +1 crystal plate armour
rPois    .         Spirit   .   (helmet restricted)
rElec    .         Reflect  .   h - +1 cloak {MR+}
rCorr    .         Harm     .   t - +2 pair of gloves
MR       +++..                  p - +1 pair of boots {Fly}
Stlth    ..........             N - amulet of faith
HPRegen  0.36/turn              d - +3 ring of slaying
MPRegen  0.09/turn              K - ring of protection from magic

@: corroded, flying
A: retaliatory headbutt, horns 2
a: Berserk, Trog's Hand, Brothers in Arms, Burn Spellbooks, Renounce Religion,
Stop Flying


You were on level 2 of the Lair of Beasts.
You worshipped Trog.
Trog was exalted by your worship.
You were not hungry.

You visited 4 branches of the dungeon, and saw 24 of its levels.

You collected 2481 gold pieces.
You spent 265 gold pieces at shops.

Inventory:

Hand Weapons
 A - a +7 antimagic broad axe (weapon)
 Y - a +1 executioner's axe of chopping
Missiles
 y - 2 javelins
 z - 10 poisoned tomahawks
 D - 4 javelins of penetration
 E - 12 tomahawks (quivered)
 F - 5 tomahawks of returning
Armour
 h - a +1 cloak of magic resistance (worn)
 o - a +1 crystal plate armour (worn)
 p - a +1 pair of boots of flying (worn)
 t - a +2 pair of gloves (worn)
 B - a +2 plate armour of cold resistance
Jewellery
 d - a +3 ring of slaying (left hand)
 k - an uncursed amulet of the gourmand
 K - a ring of protection from magic (right hand)
 N - an amulet of faith (around neck)
Wands
 w - a wand of flame (23)
 x - a wand of enslavement (16)
 H - a wand of disintegration (27)
 L - a wand of clouds (12)
 S - a wand of iceblast (13)
Scrolls
 b - 5 scrolls of enchant weapon
 f - 4 scrolls of magic mapping
 g - 5 scrolls of blinking
 l - 3 scrolls of enchant armour
 n - 7 scrolls of teleportation
 q - 7 scrolls of remove curse
 r - a scroll of torment {unknown}
 s - a scroll of vulnerability {unknown}
 I - 2 scrolls of fear {unknown}
 O - a scroll of noise {unknown}
 Q - a scroll of summoning {unknown}
 R - 2 scrolls of fog
 U - 2 scrolls of holy word {unknown}
 W - 2 scrolls of identify
Potions
 a - a potion of berserk rage
 e - 5 potions of curing
 i - 2 potions of mutation
 j - 2 potions of brilliance
 m - 4 potions of cancellation
 u - 8 potions of flight
 v - 2 potions of might
 C - 3 potions of haste
 G - 5 potions of agility
 P - a potion of resistance
 T - a potion of invisibility
Comestibles
 c - 36 rations


   Skills:
 + Level 19.6 Fighting
 * Level 21.6 Axes
 + Level 16.0 Armour
 - Level 2.1 Dodging


You had 15 spell levels left.
You didn't know any spells.

Dungeon Overview and Level Annotations

Branches:
Dungeon (15/15)            Temple (0/1) D:6            Lair (6/6) D:10
 Shoals (0/4) Lair:2       Spider (1/4) Lair:2        Slime (0/5) Lair:6
    Orc (2/2) D:10            Elf (0/3) Orc:2        Vaults (0/5) D:14
 Depths (0/5) D:15

Altars:
Gozag
Ru
Xom

Shops:
Orc:2 =*([

Annotations:
D:5 1 runed door


Innate Abilities, Weirdness & Mutations

You reflexively headbutt those who attack you in melee.
You have a pair of horns on your head.


Message History

Your headbutt misses the entropy weaver.
The entropy weaver is heavily wounded.
* * * LOW HITPOINT WARNING * * *
You feel sick. The entropy weaver hits you.
* * * LOW HITPOINT WARNING * * *
The entropy weaver hits you but does no damage. x3
Unknown command.
Unknown command.
Unknown command.
You feel better. The entropy weaver hits you.
* * * LOW HITPOINT WARNING * * *
The entropy weaver hits you but does no damage.
The entropy weaver hits you!
* * * LOW HITPOINT WARNING * * *
The entropy weaver hits you but does no damage.
You slash the entropy weaver!
The entropy weaver's magic leaks into the air.
The entropy weaver is heavily wounded.
The entropy weaver hits you!
You die...

§#### #...# ##...#.(#.###..#...
§.§§######.## #..##...#.........
§.§.##.##..######.##..#...##.....
..§.#..###^#...##.#..#......<...P
[§.§#....#..##..#............≈#.#
(.§§#....#.##.#^..##..≈≈..≈.≈...#
#####.#^.#^#^.^.###P≈≈#≈≈≈.###...
†....##..#..#††a#####≈##≈≈.≈#....
..P.######.^>##.@####.≈#..≈≈..#..
.......#^.#^..#...##...≈.>..≈....
######.^.#.#)^.######..#≈..≈#...P
######..)^..#^^.### #≈##≈#.≈##...
#..##.#.....^..#..# #.≈#.≈≈≈≈##..
.....##........#.####.≈...≈......
P#P##....<.#####..........##P...P
######.#...P# #..#..##..........
##.....## ########...#..####


You could see an entropy weaver.

Vanquished Creatures
  Rupert (Lair:4)
  Donald (Spider:1)
  A fire giant (D:15)
  A ghost moth (Lair:2)
  5 entropy weavers
  Nessos (D:14)
  Josephine (Lair:4)
  The ghost of SeriousVitamin the Cleaver, a journeyman DDFi of Makhleb (Lair:1)
  3 hydras
  5 vault guards (D:14)
  A merfolk avatar (Lair:6)
  A centaur warrior (D:13)
  3 ghost crabs (Lair:5)
  A catoblepas (D:14)
  A death knight (D:14)
  6 death yaks (Lair:6)
  9 two-headed ogres
  3 orc high priests (Orc:2)
  A deep elf knight (D:14)
  6 fire crabs (Lair:5)
  A death drake (shapeshifter) (D:14)
  3 unseen horrors
  A wizard (D:13)
  A deep elf archer (D:14)
  A swamp dragon (Lair:2)
  2 harpies (Lair:6)
  4 orb spiders (Spider:1)
  4 orc knights (Orc:2)
  2 manticores
  11 ugly things
  7 orc sorcerers
  6 wolf spiders
  16 elephants
  An apocalypse crab (Lair:5)
  Maurice (D:13)
  10 black mambas
  10 spiny frogs
  A torpor snail (Lair:6)
  3 gargoyles
  2 centaur skeletons
  4 rime drakes
  9 komodo dragons
  A demonic crawler (Spider:1)
  8 trolls
  A meliai (D:14)
  3 jumping spiders (Spider:1)
  6 polar bears
  3 hornets (Lair:6)
  7 slime creatures
  12 hippogriffs
  20 blink frogs
  2 shadows (D:11)
  5 dream sheep (Lair:6)
  4 tarantellas
  A centaur simulacrum (D:15)
  11 redbacks
  A vampire (D:13)
  Sigmund (D:6)
  3 wyverns
  2 basilisks
  9 wraiths
  59 yaks
  4 wargs
  A steam dragon (D:8)
  3 hungry ghosts
  11 vampire mosquitoes
  An acid dragon (D:12)
  A soldier ant (D:11)
  11 porcupines
  12 water moccasins
  2 black bears
  24 orc warriors
  5 ice beasts
  7 sky beasts
  3 eyes of draining
  A phantom (D:5)
  11 wolves
  23 ogres
  10 centaurs
  A necrophage (D:10)
  16 crocodiles
  11 big kobolds
  A gnoll sergeant (D:11)
  22 bullfrogs
  8 scorpions
  2 wyvern skeletons
  11 killer bees
  8 wights
  The ghost of Thaneod the Skirmisher, a weakling GrCK of Xom (D:3)
  7 howler monkeys
  5 crimson imps
  3 centaur zombies
  A bullfrog zombie (D:12)
  3 quasits
  31 orc priests
  4 bullfrog skeletons
  3 hounds
  3 jellies
  A gnoll shaman (Orc:2)
  35 orc wizards
  4 iguanas
  6 hell rats (Lair:5)
  14 worker ants
  2 hound skeletons (D:4)
  A worker ant zombie (D:7)
  A howler monkey zombie (D:6)
  Robin (D:2)
  A howler monkey skeleton (D:6)
  15 gnolls
  11 adders
  3 shadow imps
  2 oozes
  2 adder zombies (D:10)
  7 worms
  3 dart slugs (D:1)
  5 leopard geckos
  97 orcs
  15 giant cockroaches
  15 goblins
  5 hobgoblins
  9 jackals
  71 kobolds
  4 quokkas
  3 ball pythons
  9 bats
  3 frilled lizards
  A leopard gecko skeleton (D:4)
  A quokka skeleton (D:5)
  6 rats
  A butterfly (D:5)
  A fungus (Lair:6)
  4 plants
941 creatures vanquished.

Vanquished Creatures (collateral kills)
  A wolf spider (Lair:2)
  A tarantella (Lair:2)
2 creatures vanquished.

Vanquished Creatures (others)
  A redback (Spider:1)
  12 fungi
  16 plants
29 creatures vanquished.

Grand Total: 972 creatures vanquished

Notes
Turn   | Place    | Note
-------+----------+-------------------------------------------
     0 | D:1      | Sayani the Minotaur Berserker began the quest for the Orb.
     0 | D:1      | Reached XP level 1. HP: 19/19 MP: 0/0
    55 | D:1      | Reached skill level 4 in Axes
    60 | D:1      | Reached XP level 2. HP: 13/26 MP: 1/1
   326 | D:1      | Reached skill level 5 in Axes
   560 | D:1      | Reached XP level 3. HP: 30/31 MP: 2/2
   591 | D:1      | Reached ** piety under Trog
  1417 | D:2      | Noticed Robin
  1437 | D:2      | Killed Robin
  1437 | D:2      | Reached skill level 6 in Axes
  1437 | D:2      | Reached XP level 4. HP: 39/39 MP: 3/3
  2148 | D:3      | Reached XP level 5. HP: 45/45 MP: 4/4
  2151 | D:3      | Reached skill level 7 in Axes
  2235 | D:3      | Noticed Thaneod's ghost (weakling GrCK)
  2240 | D:3      | Killed Thaneod's ghost
  2338 | D:3      | Reached *** piety under Trog
  2386 | D:3      | Noticed a hungry ghost
  2390 | D:3      | Reached skill level 8 in Axes
  2393 | D:3      | Killed a hungry ghost
  2393 | D:3      | Reached XP level 6. HP: 37/51 MP: 5/5
  2424 | D:3      | Reached skill level 9 in Axes
  3442 | D:4      | Reached XP level 7. HP: 51/57 MP: 6/6
  3588 | D:4      | Reached **** piety under Trog
  3741 | D:4      | Reached skill level 10 in Axes
  4106 | D:4      | Reached skill level 11 in Axes
  4120 | D:4      | Reached ***** piety under Trog
  4305 | D:4      | Reached XP level 8. HP: 64/64 MP: 7/7
  4958 | D:5      | Entered Level 5 of the Dungeon
  5038 | D:5      | Found a runed door.
  5145 | D:5      | Found a runed door.
  5296 | D:5      | Reached skill level 5 in Fighting
  5296 | D:5      | Reached skill level 12 in Axes
  6042 | D:6      | Found a shimmering altar of Xom.
  6131 | D:6      | Reached XP level 9. HP: 75/78 MP: 8/8
  6270 | D:6      | Found a staircase to the Ecumenical Temple.
  6577 | D:6      | Reached skill level 5 in Armour
  6705 | D:6      | Noticed Sigmund
  6715 | D:6      | Killed Sigmund
  7412 | D:7      | Reached skill level 13 in Axes
  7495 | D:7      | Received a gift from Trog
  7687 | D:7      | Got a pitted marble ring
  8185 | D:8      | Reached XP level 10. HP: 83/92 MP: 3/9
  8402 | D:8      | Noticed a two-headed ogre
  8407 | D:8      | Killed a two-headed ogre
  8407 | D:8      | Reached skill level 10 in Fighting
  8911 | D:8      | Reached skill level 14 in Axes
  8953 | D:8      | Noticed a two-headed ogre
  8959 | D:8      | Killed a two-headed ogre
  9502 | D:9      | Noticed a red ugly thing
  9513 | D:9      | Killed a red ugly thing
  9858 | D:9      | Noticed a gargoyle
  9871 | D:9      | Killed a gargoyle
 10378 | D:9      | Found an opulent altar of Gozag.
 10404 | D:9      | Reached XP level 11. HP: 92/102 MP: 3/10
 10431 | D:9      | Found a sacrificial altar of Ru.
 10734 | D:10     | Entered Level 10 of the Dungeon
 10771 | D:10     | Identified the ring of Gluttony {*Tele rN+ Int+4} (You found it on level 7 of the Dungeon)
 10867 | D:10     | Found a staircase to the Orcish Mines.
 11067 | D:10     | Noticed a green ugly thing
 11073 | D:10     | Killed a green ugly thing
 11126 | D:10     | Reached skill level 15 in Axes
 11135 | D:10     | Reached ****** piety under Trog
 11674 | D:10     | Received a gift from Trog
 11885 | D:10     | Found a staircase to the Lair.
 11914 | Lair:1   | Entered Level 1 of the Lair of Beasts
 13129 | D:11     | Killed an unseen horror
 13174 | D:11     | Noticed a two-headed ogre
 13178 | D:11     | Killed a two-headed ogre
 13248 | D:11     | Reached skill level 16 in Axes
 13395 | D:11     | Reached XP level 12. HP: 107/115 MP: 3/11
 13777 | D:12     | Noticed a six-headed hydra
 13853 | Orc:1    | Entered Level 1 of the Orcish Mines
 14434 | Orc:2    | Entered Level 2 of the Orcish Mines
 14491 | Orc:1    | Reached skill level 10 in Armour
 14858 | Orc:2    | Received a gift from Trog
 14861 | Orc:2    | Got a shimmering war axe {god gift}
 14905 | Orc:1    | Identified the +7 war axe "Wek Xoill" {holy, Int+7 Dex+4} (Trog gifted it to you on level 2 of the Orcish Mines)
 16031 | Lair:1   | Noticed SeriousVitamin's ghost (journeyman DDFi)
 16041 | Lair:1   | Killed SeriousVitamin's ghost
 16134 | Lair:1   | Reached skill level 17 in Axes
 16437 | Lair:1   | Identified 2 scrolls of acquirement
 16863 | Lair:2   | Found a hole to the Spider Nest.
 17031 | Lair:2   | Found a transporter.
 17081 | Lair:2   | Found a transporter.
 17927 | Lair:2   | Found a staircase to the Shoals.
 18047 | Lair:2   | Reached XP level 13. HP: 108/125 MP: 12/12
 18467 | Lair:3   | Reached skill level 15 in Fighting
 19717 | Lair:4   | Noticed Rupert
 19736 | Lair:4   | Killed Rupert
 19741 | Lair:4   | Noticed Josephine
 19929 | Lair:4   | Killed Josephine
 19932 | Lair:3   | Reached skill level 18 in Axes
 21855 | Lair:5   | Found a runed door.
 21913 | Lair:6   | Entered Level 6 of the Lair of Beasts
 22081 | Lair:5   | Noticed an entropy weaver
 22586 | Lair:6   | Received a gift from Trog
 23105 | Lair:5   | Killed an entropy weaver
 23105 | Lair:5   | Reached XP level 14. HP: 138/138 MP: 13/13
 23462 | Lair:5   | Noticed an entropy weaver
 23469 | Lair:5   | Killed an entropy weaver
 23919 | Lair:5   | Noticed an entropy weaver
 23931 | Lair:5   | Killed an entropy weaver
 24442 | Lair:5   | Noticed an entropy weaver
 24447 | Lair:5   | Killed an entropy weaver
 24631 | Lair:6   | Reached skill level 19 in Axes
 25125 | Lair:6   | Found a staircase to the Slime Pits.
 25143 | Lair:6   | Received a gift from Trog
 26691 | Lair:6   | Reached XP level 15. HP: 130/149 MP: 14/14
 27640 | Orc:2    | Found a staircase to the Elven Halls.
 27733 | Orc:2    | Reached skill level 20 in Axes
 27739 | Orc:2    | Received a gift from Trog
 28656 | Orc:2    | Found Wogan's Antique Armour Boutique.
 28677 | Orc:2    | Found Tiyb's Assorted Antiques.
 28678 | Orc:2    | Found Muduwk's Jewellery Boutique.
 28679 | Orc:2    | Found Xoroc's Weapon Shoppe.
 28701 | Orc:2    | Bought a scroll of teleportation for 93 gold pieces
 28712 | Orc:2    | Bought a pair of runed boots for 172 gold pieces
 29133 | D:12     | Received a gift from Trog
 29686 | D:13     | Noticed Maurice
 29701 | D:13     | Killed Maurice
 30462 | D:14     | Received a gift from Trog
 30463 | D:14     | Noticed Nessos
 30473 | D:14     | Killed Nessos
 30473 | D:14     | Reached skill level 15 in Armour
 31487 | D:15     | Entered Level 15 of the Dungeon
 31565 | D:14     | Reached skill level 21 in Axes
 31660 | D:14     | Found a gate to the Vaults.
 31784 | D:14     | Received a gift from Trog
 31787 | D:14     | Got a fine battleaxe {god gift}
 31953 | D:14     | Identified the +3 battleaxe of Aqiff {venom, rC+++ MR- Int+3 Dex+2} (Trog gifted it to you on level 14 of the Dungeon)
 32150 | D:15     | Found a staircase to the Depths.
 32151 | D:15     | Noticed a fire giant
 32209 | D:15     | Reached XP level 16. HP: 144/159 MP: 5/15
 33353 | Spider:1 | Entered Level 1 of the Spider Nest
 33837 | Spider:1 | Noticed Donald
 34076 | Spider:1 | Received a gift from Trog
 34079 | Spider:1 | Killed Donald
 34926 | Spider:1 | Received a gift from Trog
 35279 | Lair:2   | HP: 5/161 [entropy weaver (5)]
 35280 | Lair:2   | HP: 2/161 [entropy weaver (8)]
 35281 | Lair:2   | Slain by an entropy weaver

Skill      XL: |  1  2  3  4  5  6  7  8  9 10 11 12 13 14 15 16 |
---------------+-------------------------------------------------+-----
Axes           | 4 5 6 8 9 11 12 13 14 16 17 18 19 21 | 21.6
Fighting       | 6 9 11 13 14 16 18 19 | 19.6
Armour         | 4 6 8 9 11 13 14 15 16 | 16.0
Dodging        | |  2.1

Action                   |  1- 3 |  4- 6 |  7- 9 | 10-12 | 13-15 | 16-18 || total
-------------------------+-------+-------+-------+-------+-------+-------++-------
Melee: Hand axe          |    65 |    79 |       |       |       |       ||   144
       Headbutt          |     9 |    21 |    55 |   105 |   248 |    29 ||   467
       War axe           |       |    20 |   227 |   160 |   531 |       ||   938
       Battleaxe         |       |       |    40 |       |     3 |       ||    43
       Broad axe         |       |       |    23 |   393 |   393 |   115 ||   924
Throw: Stone             |       |     3 |       |       |       |       ||     3
       Javelin           |       |       |     7 |     9 |     7 |     2 ||    25
       Tomahawk          |       |       |    16 |    36 |   127 |    22 ||   201
Invok: Berserk           |     1 |     2 |     2 |     6 |    11 |     3 ||    25
       Burn Spellbooks   |       |       |       |     1 |     9 |     1 ||    11
       Trog's Hand       |       |       |       |       |     1 |     1 ||     2
       Brothers in Arms  |       |       |       |       |       |     1 ||     1
Evoke: Wand              |       |       |       |       |     4 |     1 ||     5
  Use: Scroll            |       |     4 |       |    19 |     8 |     2 ||    33
       Potion            |       |       |       |       |       |     6 ||     6
 Stab: Petrifying        |       |       |       |       |     3 |       ||     3
  Eat: Chunk             |     1 |    16 |    22 |    22 |    36 |     4 ||   101
       Ration            |       |       |       |     2 |     6 |     3 ||    11
Armor: Animal skin       |    11 |     4 |       |       |       |       ||    15
       Ring mail         |       |    27 |    94 |       |       |       ||   121
       Plate armour      |       |       |    41 |   317 |   370 |       ||   728
       Crystal plate arm |       |       |       |       |   265 |   269 ||   534
Dodge: Dodged            |    47 |    58 |   133 |   217 |   308 |    73 ||   836
